Map: Scalo orbitale

Players

Justitius

  • Race: Terran Terran
  • League: Bronze

Jhyrachy - Winner!

  • Race: Zerg Zerg

VOD

Have the link to the VOD?

Description

Time

  • Played on: Dec. 3, 2015, 2:04 p.m.
  • Length: 5:43
Show
View Real Time Build Order
Export as new Build Order

Justitius Terran 

Build Orders:  

Get SALT Encoding   

  12  0:02  SCV  
  13  0:15  SCV  
  14  0:23  Supply Depot  
  14  0:27  SCV  
  15  0:36  Refinery  
  15  0:47  SCV, Barracks  
  16  1:00  SCV  
  17  1:13  SCV  
  19  1:32  SCV  
  19  1:35  Supply Depot  
  19  1:37  Refinery  
  19  1:42  Barracks Reactor  
  19  1:47  SCV  
  20  2:02  Factory  
  20  2:07  SCV  
  21  2:11  Command Center  
  21  2:20  Marine x2  
  23  2:34  Bunker  
  23  2:37  SCV  
  23  2:40  Marine x2  
  26  2:46  Factory Tech Lab  
  26  3:02  Starport  
  26  3:04  Marine x2  
  28  3:12  Bunker  
  28  3:25  Marine x2  
  30  3:30  Orbital Command  
  30  3:42  Orbital Command  
  30  3:58  Bunker  
  30  4:00  Marine  
  30  4:01  Marine  
  32  4:13  Cloaking Field  
  32  4:16  Banshee  
  35  4:23  Marine x2  
  37  4:37  Supply Depot  
  37  4:42  Supply Depot  
  37  5:01  Fusion Core  
  40  5:09  SCV x2  
  42  5:23  Supply Depot  
Show
View Real Time Build Order
Export as new Build Order

Jhyrachy Zerg - Winner!

Build Orders: Hatch First 

Get SALT Encoding   

  12  0:01  Drone  
  13  0:11  Drone  
  14  0:17  Overlord  
  14  0:36  Drone x2  
  16  0:52  Hatchery  
  15  0:57  Drone x2  
  15  1:01  Extractor  
  15  1:03  Drone  
  17  1:21  Spawning Pool  
  16  1:27  Drone  
  16  1:28  Drone  
  18  1:35  Drone  
  19  1:42  Overlord  
  19  2:05  Drone  
  19  2:07  Drone, Overlord  
  21  2:09  Queen  
  23  2:16  Queen  
  23  2:18  Zergling x2  
  23  2:19  Zergling x2  
  27  2:28  Drone  
  28  2:32  Metabolic Boost  
  28  3:03  Spine Crawler  
  28  3:06  Evolution Chamber  
  26  3:31  Zergling x16  
  26  3:32  Zergling x8  
  38  3:40  Zerg Missile Weapons Level 1  
  38  3:59  Drone x2  
  38  4:00  Drone x2  
  38  4:02  Drone  
  43  4:03  Overlord  
  43  4:04  Overlord  
  43  4:05  Hatchery  
  42  5:02  Queen  
Tags
 
Add a new tag
Caveats
  • Supply blocks, unpowered buildings, or Contaminate may cause inaccurate times.
  • Supply counts are checked every 10 seconds.